Map: Dash and Terminal LE (Void)

Players

badmicro

  • Race: Zerg Zerg
  • League: Bronze

wabbajack - Winner!

  • Race: Zerg Zerg
  • League: Gold

VOD

Have the link to the VOD?

Description

Time

  • Played on: July 20, 2015, 2:48 p.m.
  • Length: 5:29
Show
View Real Time Build Order
Export as new Build Order

badmicro Zerg 

Build Orders: Hatch First 

Get SALT Encoding   

  12  0:01  Drone  
  13  0:13  Overlord  
  13  0:18  Drone  
  14  0:31  Drone x2  
  14  0:35  Drone  
  17  0:46  Drone  
  18  0:59  Hatchery  
  18  1:03  Drone  
  18  1:08  Drone  
  19  1:20  Spawning Pool  
  19  1:21  Drone  
  19  1:25  Extractor  
  18  1:29  Drone  
  19  1:39  Overlord  
  19  1:54  Drone  
  19  2:02  Drone  
  20  2:11  Drone  
  20  2:12  Queen x2  
  25  2:17  Baneling Nest, Zergling x2  
  25  2:33  Zergling x4  
  25  2:34  Drone x2  
  29  2:43  Drone  
  30  2:45  Metabolic Boost  
  30  2:50  Overlord  
  30  2:56  Zergling x4  
  32  3:13  Overlord  
  32  3:22  Baneling  
  32  3:23  Baneling  
  31  3:33  Zergling x6  
  31  3:34  Zergling x10  
  37  3:39  Drone  
  38  3:48  Hatchery  
  35  3:56  Roach Warren  
  35  3:58  Spine Crawler  
  35  4:02  Evolution Chamber  
  32  4:03  Evolution Chamber  
  32  4:05  Drone  
  32  4:08  Drone  
  33  4:15  Drone x2  
  35  4:22  Zergling x4  
  37  4:24  Drone  
  37  4:29  Drone  
  39  4:31  Drone  
  39  4:33  Drone  
  39  4:35  Drone  
  39  4:38  Drone  
  43  4:40  Drone  
  44  4:46  Overlord  
  44  4:48  Overlord  
  44  4:56  Spine Crawler  
  42  5:06  Zergling x4  
  37  5:07  Roach x3  
Show
View Real Time Build Order
Export as new Build Order

wabbajack Zerg - Winner!

Build Orders: Hatch First 

Get SALT Encoding   

  12  0:01  Drone  
  13  0:14  Overlord  
  13  0:18  Drone  
  14  0:25  Extractor  
  14  0:26  Drone  
  15  0:32  Drone  
  16  0:37  Drone  
  17  0:55  Hatchery  
  16  1:00  Drone  
  16  1:01  Extractor  
  16  1:02  Drone  
  17  1:16  Spawning Pool  
  16  1:20  Drone  
  16  1:25  Drone  
  18  1:42  Drone  
  18  1:45  Overlord  
  19  2:03  Queen  
  19  2:07  Queen  
  23  2:12  Drone x3  
  26  2:20  Spine Crawler  
  26  2:22  Drone  
  26  2:23  Drone  
  26  2:29  Drone x2  
  29  2:41  Roach Warren  
  28  2:46  Spine Crawler  
  27  2:56  Overlord x2  
  27  3:30  Roach x5  
  27  3:31  Roach x4  
  27  3:32  Roach  
  47  4:01  Metabolic Boost  
  47  4:03  Overlord x2  
  47  4:07  Roach x2  
  51  4:27  Zergling x22  
  51  4:28  Zergling x4  
  64  4:35  Overlord  
  65  4:52  Zergling x2  
  65  4:53  Zergling x10  
Tags
 
Add a new tag
Caveats
  • Supply blocks, unpowered buildings, or Contaminate may cause inaccurate times.
  • Supply counts are checked every 10 seconds.